Map: Galactic Process LE

Players

harambe

  • Race: Terran Terran
  • League: Master

NORTHAMERICA - Winner!

  • Race: Protoss Protoss
  • League: Master

VOD

Have the link to the VOD?

Description

Time

  • Played on: Oct. 17, 2016, 3:05 a.m.
  • Length: 13:44
Show
View Real Time Build Order
Export as new Build Order

harambe Terran 

Build Orders: Liberator Opening, Reaper Expand, MMM Bio 

Get SALT Encoding   

  12  0:01  SCV  
  13  0:13  SCV  
  14  0:17  Supply Depot  
  14  0:25  SCV  
  14  0:28  Refinery  
  15  0:39  SCV  
  16  0:46  Barracks  
  16  0:51  SCV  
  17  1:03  SCV  
  18  1:15  SCV  
  19  1:33  Orbital Command  
  19  1:34  Reaper  
  20  1:46  Command Center  
  20  1:59  Factory  
  20  2:02  SCV  
  20  2:07  Barracks Reactor  
  21  2:14  SCV  
  22  2:18  Supply Depot  
  22  2:26  SCV  
  22  2:27  Refinery  
  23  2:39  SCV  
  24  2:45  Starport, Marine x2  
  26  2:52  SCV  
  26  2:54  Widow Mine  
  29  2:59  Orbital Command  
  29  3:04  SCV  
  30  3:09  Marine x2  
  32  3:16  SCV  
  33  3:23  Medivac  
  33  3:25  SCV  
  33  3:26  Marine x2  
  38  3:34  SCV  
  38  3:37  Widow Mine  
  38  3:38  Supply Depot  
  38  3:40  SCV  
  42  3:46  SCV, Marine x2  
  45  3:50  Barracks  
  45  3:52  SCV  
  46  3:58  Liberator  
  46  3:59  SCV  
  47  4:04  SCV  
  47  4:05  Marine x2  
  49  4:13  SCV  
  49  4:14  Factory Tech Lab  
  53  4:19  SCV  
  54  4:25  Supply Depot  
  54  4:27  Supply Depot  
  54  4:32  Engineering Bay  
  54  4:43  Supply Depot  
  54  4:45  Barracks Tech Lab  
  54  4:46  SCV x2, Marine x2, Cyclone  
  54  4:47  Supply Depot  
  62  4:58  SCV x2  
  64  5:06  Marine x3  
  67  5:07  Stimpack  
  67  5:08  Starport Reactor  
  67  5:10  SCV x2  
  67  5:11  Terran Infantry Weapons Level 1  
  67  5:12  Barracks  
  67  5:13  Refinery  
  69  5:21  Supply Depot  
  69  5:22  SCV x2  
  69  5:23  Siege Tank  
  69  5:27  Marine x2  
  77  5:30  Marauder  
  77  5:35  SCV x2  
  77  5:47  SCV x2, Medivac  
  81  5:52  Marauder  
  81  5:56  Supply Depot  
  83  6:01  Marine x2  
  85  6:06  SCV  
  85  6:09  Factory Reactor  
  85  6:10  Command Center  
  80  6:13  Marauder, Combat Shields  
  78  6:21  Refinery  
  78  6:22  SCV  
  78  6:23  Barracks  
  78  6:24  Barracks, Supply Depot  
  79  6:27  SCV  
  79  6:28  Marine x2, Supply Depot  
  79  6:30  Marauder  
  84  6:34  SCV  
  84  6:37  Marauder  
  87  6:41  Supply Depot x2  
  87  6:44  SCV  
  88  6:47  SCV  
  88  6:52  Marauder  
  91  6:56  SCV  
  91  6:59  SCV  
  91  7:00  Supply Depot  
  93  7:01  Armory  
  93  7:03  Engineering Bay  
  93  7:04  Widow Mine  
  93  7:05  Terran Infantry Armor Level 1  
  93  7:06  Widow Mine  
  97  7:14  SCV x2  
  99  7:18  Barracks Tech Lab, Marine x2  
  99  7:19  Barracks Reactor  
  99  7:20  Medivac  
  103  7:24  Orbital Command  
  103  7:27  SCV  
  104  7:32  SCV  
  104  7:34  Widow Mine  
  104  7:35  Widow Mine  
  104  7:36  Marauder x2  
  113  7:39  SCV  
  114  7:44  SCV  
  114  7:45  Marine  
  114  7:46  Marauder, Marine  
  119  7:57  Marine x2  
  121  8:03  Marine x2  
  123  8:05  Marine  
  123  8:06  Widow Mine x2, Marine  
  123  8:07  Marauder  
  123  8:11  Medivac x2  
  135  8:15  Marauder, Marine  
  135  8:16  Terran Infantry Weapons Level 2  
  135  8:17  Barracks  
  135  8:18  Barracks  
  135  8:19  Barracks  
  138  8:21  Refinery x2, Marine  
  138  8:22  Marine  
  138  8:23  Marine x2, Supply Depot  
  142  8:29  Marauder  
  142  8:32  Marine  
  145  8:37  Marauder  
  145  8:38  Starport  
  145  8:39  Marine  
  145  8:40  Marine, Fusion Core  
  149  8:41  Marine  
  149  8:44  Marine  
  149  8:46  Liberator  
  149  8:49  Widow Mine  
  149  8:50  Marauder  
  149  8:51  Marauder, SCV  
  149  8:52  Liberator  
  148  8:57  Marine  
  148  8:58  Marauder, Marine  
  148  8:59  Marine  
  148  9:01  Marine  
  148  9:02  Widow Mine  
  158  9:11  Marauder  
  158  9:12  Marauder  
  158  9:15  Marine  
  163  9:17  Starport Tech Lab  
  163  9:18  Marine  
  163  9:19  Command Center  
  164  9:25  Supply Depot  
  164  9:29  Liberator  
  164  9:30  Missile Turret, Barracks Tech Lab x2  
  164  9:32  Missile Turret  
  164  9:33  Barracks Reactor  
  164  9:36  Marauder  
  164  9:40  Advanced Ballistics  
  164  9:43  Supply Depot  
  164  9:45  Marine  
  168  9:54  Liberator, Marine  
  168  9:55  Marauder, Marine x2  
  173  10:02  Marine  
  173  10:04  Marine  
  173  10:06  Marine x2  
  177  10:12  Marine  
  177  10:13  Liberator x2  
  181  10:25  Terran Infantry Armor Level 2, Marine  
  181  10:26  Supply Depot  
  180  10:29  Marine  
  180  10:30  Marine  
  180  10:31  Marauder  
  190  10:35  Marine  
  190  10:36  Marauder, Marine  
  194  10:45  Supply Depot  
  194  10:46  Supply Depot  
  194  10:50  Liberator  
  194  10:56  Liberator  
  194  11:08  Liberator  
  200  11:23  Marine  
  200  11:24  Marauder, Marine x3  
  200  11:25  Marauder, Marine  
  199  11:36  Marine  
  200  11:52  Liberator  
  196  12:08  Liberator x2  
  179  12:23  Marauder, Marine x7  
  179  12:24  Marine  
  179  12:25  Marine  
  179  12:26  Marauder  
  180  12:40  Marine x2  
  180  12:41  Marine x3  
  180  12:42  Marauder  
  149  12:54  Marauder, Marine x4  
  143  12:58  Marine x3  
  143  12:59  Marine x2  
  143  13:03  Marauder  
  130  13:11  Marine  
  130  13:12  Marauder, Marine x2  
  97  13:15  Marauder  
  97  13:16  Marine x4  
  97  13:17  Marine  
Show
View Real Time Build Order
Export as new Build Order

NORTHAMERICA Protoss - Winner!

Build Orders: 1 Gate Expand, Blink Stalkers 

Get SALT Encoding   

  12  0:01  Probe (Chrono Boost)  
  13  0:11  Probe (Chrono Boost)  
  14  0:18  Pylon  
  14  0:22  Probe (Chrono Boost)  
  15  0:36  Gateway  
  15  0:38  Probe (Chrono Boost)  
  16  0:49  Probe (Chrono Boost)  
  17  0:50  Assimilator  
  17  1:00  Probe (Chrono Boost)  
  18  1:10  Probe (Chrono Boost)  
  19  1:21  Nexus  
  19  1:32  Cybernetics Core  
  19  1:35  Probe (Chrono Boost)  
  20  1:40  Assimilator  
  20  1:46  Probe (Chrono Boost)  
  21  1:55  Pylon  
  21  1:57  Probe (Chrono Boost)  
  23  2:13  Adept  
  23  2:14  Mothership Core (Chrono Boost)  
  26  2:20  Warp Gate  
  26  2:32  Probe (Chrono Boost)  
  27  2:38  Probe (Chrono Boost)  
  27  2:40  Twilight Council  
  27  2:43  Probe (Chrono Boost)  
  29  2:49  Probe (Chrono Boost)  
  30  2:53  Probe (Chrono Boost)  
  31  2:59  Probe (Chrono Boost)  
  31  3:04  Probe (Chrono Boost)  
  33  3:06  Gateway  
  33  3:10  Probe (Chrono Boost)  
  33  3:11  Gateway  
  34  3:14  Probe (Chrono Boost)  
  35  3:20  Probe (Chrono Boost)  
  35  3:24  Blink  
  35  3:25  Probe (Chrono Boost)  
  37  3:29  Robotics Facility  
  37  3:31  Probe (Chrono Boost)  
  38  3:37  Probe (Chrono Boost)  
  39  3:45  Pylon  
  39  3:46  Probe (Chrono Boost)  
  40  3:50  Probe (Chrono Boost)  
  40  3:52  Pylon  
  40  4:09  Probe (Chrono Boost)  
  42  4:10  Probe (Chrono Boost)  
  42  4:12  Pylon  
  42  4:14  Observer  
  43  4:21  Probe (Chrono Boost)  
  43  4:22  Probe (Chrono Boost)  
  43  4:23  Stalker  
  43  4:24  Stalker x2  
  51  4:33  Probe (Chrono Boost)  
  51  4:34  Observer, Probe (Chrono Boost)  
  51  4:37  Assimilator  
  54  4:45  Probe (Chrono Boost)  
  55  4:55  Stalker x3  
  62  5:00  Probe (Chrono Boost)  
  62  5:04  Probe (Chrono Boost)  
  63  5:09  Nexus  
  63  5:12  Probe (Chrono Boost), Pylon  
  64  5:18  Pylon  
  64  5:23  Pylon  
  64  5:24  Probe (Chrono Boost)  
  64  5:26  Probe (Chrono Boost)  
  64  5:27  Assimilator  
  66  5:31  Stalker x3, Pylon  
  66  5:35  Probe (Chrono Boost)  
  73  5:45  Probe (Chrono Boost)  
  73  5:48  Gateway  
  74  5:51  Gateway  
  74  5:54  Robotics Bay  
  74  5:55  Observer  
  74  5:58  Forge  
  74  6:00  Probe (Chrono Boost)  
  74  6:14  Probe (Chrono Boost)  
  74  6:15  Immortal  
  74  6:16  Zealot  
  74  6:18  Sentry  
  83  6:20  Probe (Chrono Boost), Pylon  
  83  6:24  Gateway  
  84  6:25  Protoss Ground Weapons Level 1  
  84  6:27  Probe (Chrono Boost)  
  84  6:28  Probe (Chrono Boost)  
  84  6:31  Probe (Chrono Boost)  
  87  6:38  Probe (Chrono Boost)  
  87  6:39  Probe (Chrono Boost)  
  89  6:40  Resonating Glaives  
  89  6:41  Probe (Chrono Boost)  
  89  6:42  Zealot  
  92  6:49  Pylon, Probe (Chrono Boost)  
  92  6:52  Probe x2 (Chrono Boost)  
  95  6:55  Adept x2  
  95  6:56  Adept  
  95  6:57  Disruptor  
  95  7:00  Probe (Chrono Boost)  
  102  7:04  Probe (Chrono Boost)  
  102  7:06  Probe (Chrono Boost)  
  102  7:08  Photon Cannon  
  107  7:14  Assimilator  
  108  7:17  Probe (Chrono Boost)  
  108  7:18  Assimilator  
  108  7:19  Forge  
  108  7:20  Pylon  
  108  7:23  Adept x2  
  108  7:24  Pylon  
  108  7:28  Disruptor  
  112  7:31  Pylon  
  112  7:33  Photon Cannon  
  115  7:42  Protoss Ground Armor Level 1  
  115  7:44  Stalker x3, Probe (Chrono Boost)  
  116  7:45  Stalker  
  124  8:00  Disruptor  
  124  8:03  Nexus  
  127  8:09  Protoss Ground Weapons Level 2  
  127  8:16  Probe (Chrono Boost)  
  127  8:17  Pylon  
  127  8:18  Stalker x2, Pylon  
  127  8:19  Stalker x2  
  136  8:31  Stalker x2  
  140  8:37  Photon Cannon, Disruptor  
  140  8:40  Pylon  
  143  8:50  Adept  
  143  8:51  Adept  
  147  8:56  Probe (Chrono Boost)  
  145  9:06  Pylon  
  145  9:08  Disruptor  
  145  9:09  Photon Cannon  
  145  9:10  Assimilator  
  145  9:11  Assimilator  
  145  9:12  Photon Cannon  
  148  9:18  Adept x2  
  148  9:19  Adept x3  
  148  9:23  Protoss Ground Armor Level 2  
  158  9:34  Robotics Facility  
  158  9:36  Stargate  
  159  9:38  Probe (Chrono Boost)  
  159  9:45  Adept x5  
  165  9:46  Adept  
  171  9:58  Dark Shrine  
  171  10:00  Gateway  
  171  10:03  Gateway  
  171  10:04  Gateway  
  171  10:12  Disruptor  
  171  10:18  Stalker x4  
  171  10:19  Stalker  
  183  10:31  Disruptor, Fleet Beacon  
  183  10:33  Stargate  
  186  10:40  Adept  
  188  10:43  Protoss Ground Weapons Level 3  
  184  10:56  Stalker x4  
  184  10:57  Stalker  
  194  11:08  Stargate  
  192  11:11  Pylon  
  192  11:23  Adept x4  
  192  11:24  Adept  
  197  11:39  Tempest x2  
  196  12:03  Dark Templar  
  196  12:04  Dark Templar x2  
  198  12:17  Tempest  
  198  12:22  Tempest  
  178  12:26  Stalker x2  
  178  12:27  Stalker x4  
  182  12:42  Probe (Chrono Boost)  
  181  12:44  Disruptor  
  181  12:47  Probe (Chrono Boost)  
  181  12:48  Probe (Chrono Boost)  
  177  12:54  Probe (Chrono Boost)  
  177  12:57  Stalker x2  
  177  12:58  Stalker x4  
  177  13:00  Tempest  
  159  13:21  Probe (Chrono Boost)  
  143  13:38  Nexus  
  131  13:42  Pylon  
Tags
 
Add a new tag
Caveats
  • Supply blocks, unpowered buildings, or Contaminate may cause inaccurate times.
  • Supply counts are checked every 10 seconds.